 Dungeon Crawl Stone Soup version 0.31.0-11-ge490571c62 (webtiles) character file.

Game seed: 14401837053152612376

54 qw the Shooter (level 3, 0/18 HPs)
             Began as a Spriggan Hunter on Feb 4, 2024.
             Succumbed to their own poison gas
             ... on level 2 of the Dungeon.
             The game lasted 00:00:05 (2007 turns).

qw the Shooter (Spriggan Hunter)                    Turns: 2007, Time: 00:00:06

Health: 0/18       AC:  2    Str:  7    XL:     3   Next: 66%
Magic:  4/4        EV: 19    Int: 10    God:
Gold:   69         SH:  0    Dex: 20    Spells: 2/2 levels left

rFire   . . .        a - +0 shortbow (flame)
rCold   . . .        (shield currently unavailable)
rNeg    . . .        c - +0 robe
rPois   .            (helmet restricted)
rElec   .            (no cloak)
rCorr   .            (gloves unavailable)
SInv    +            (boots unavailable)
Will    .....        (no amulet)
Stlth   ++           (no ring)
HPRegen 0.23/turn    (no ring)
MPRegen 0.09/turn

%: no passive effects
@: lethally poisoned (0 -> -5), very quick
A: very small, no large weapons, unfitting armour, see invisible, speed 3
a: no special abilities


You were on level 2 of the Dungeon.
You visited 1 branch of the dungeon, and saw 2 of its levels.

You collected 69 gold pieces.


Innate Abilities, Weirdness & Mutations

You are very small and have problems with some larger weapons.
You are too small for most types of armour.
You have supernaturally acute eyesight. (SInv)
You cover ground extremely quickly. (Speed+++)


   Skills:
 - Level 1.5 Fighting
 + Level 4.9 Ranged Weapons
 - Level 4.0 Dodging
 - Level 1.5 Stealth


You had 2 spell levels left.
You didn't know any spells.
Your spell library was empty.

Inventory:

Hand Weapons
 a - a +0 shortbow of flaming (weapon)
Armour
 c - a +0 robe (worn)
Wands
 k - a wand of polymorph (3)
Scrolls
 b - a scroll of teleportation
Potions
 g - a potion of heal wounds {unknown}
 h - a potion of resistance {unknown}

Dungeon Overview and Level Annotations

Branches:
Dungeon (2/15)

Altars:


Message History

Partly explored, can't reach some items and places.
1996 ||| DRINKING 2 fizzy white potions.
It was a potion of curing.
You feel better.
Partly explored, can't reach some items and places.
1997 ||| DROPPING potion of ambrosia.
You drop a potion of ambrosia.
Partly explored, can't reach some items and places.
What level of the Dungeon? (default 2, ? - help) Sorry, I don't know how to get there.
Enter note:
Enter note:
Enter note:
Enter note:
Enter note:
Enter note:
Enter note:
Enter note:
Enter note: You are engulfed in poison gas.
You are poisoned.
You feel very sick.
1999 ||| Stepping ~*~*~tactically~*~*~ (cloud).
You feel sick.
You see here a potion of ambrosia.
2000 ||| DRINKING potion of curing.
You feel better.
2000 ||| (to cure poison)
You are engulfed in poison gas.
You are lethally poisoned!
You feel very sick.
2002 ||| Stepping ~*~*~tactically~*~*~ (cloud).
You feel very sick.
You see here a potion of ambrosia.
There is a lethal amount of poison in your body!
You feel very sick.
There is a lethal amount of poison in your body!
You feel very sick.
There is a lethal amount of poison in your body!
You feel sick.
There is a lethal amount of poison in your body!
You feel sick.
There is a lethal amount of poison in your body!
You die...

.# #.##.##..## ##..#.#.#.....# .#
#.##.##...###..##.#.##.#### .#
#....##..#.#..##..#..#.#
.##########..##.#.##.###.###
................###..#.#..###
.#######.###.####...##.##...####
.....(...#####....###...###....##
.....#.#..¤¤0¤0####)..8......)...
####...#.#####¤0@¤###.%.###....##
#.#####.# ####¤0¤##.##...#### #.#
#.########00#.#..###..# #.#
#........##.###.###...# #.#
#########.#..#..# #.#.# #.#
#(##.#.## #.#.# #.# #.##.#.#
#.#.## #.# #.##...# #.#... #.#
#.###.## #.####


There were no monsters in sight!

Vanquished Creatures
  An adder (D:2)
  A ribbon worm (D:2)
  A dart slug (D:1)
  2 ball pythons (D:1)
  4 endoplasms (D:2)
  5 giant cockroaches
  4 goblins
  A hobgoblin (D:1)
  3 kobolds
  4 quokkas
  4 bats
  A frilled lizard (D:1)
  7 rats
38 creatures vanquished.

Notes
Turn   | Place    | Note
-------+----------+-------------------------------------------
     0 | D:1      | qw the Spriggan Hunter began the quest for the Orb.
     0 | D:1      | Reached XP level 1. HP: 10/10 MP: 2/2
     0 | D:1      | 0 ||| qw: Version: 0.3-a-160-g6735b56
     0 | D:1      | 0 ||| qw: Game counter: 5642
     0 | D:1      | 0 ||| qw: Melee chars always use a shield: true
     0 | D:1      | 0 ||| qw: God list: Okawaru
     0 | D:1      | 0 ||| qw: Allow faded altars: false
     0 | D:1      | 0 ||| qw: Do Orc after clearing Dungeon:15 true
     0 | D:1      | 0 ||| qw: Do second Lair branch before Depths: true
     0 | D:1      | 0 ||| qw: Lair rune preference: random
     0 | D:1      | 0 ||| qw: Goals: Normal
     0 | D:1      | 0 ||| PLANNING D:1-11
    45 | D:1      | Reached skill level 3 in Dodging
   192 | D:1      | Reached XP level 2. HP: 14/14 MP: 3/3
   286 | D:1      | Found a faded altar of an unknown god.
   821 | D:1      | 821 ||| READING 3 scrolls labelled AXTIUTZ AMIW.
   822 | D:1      | 822 ||| READING scroll labelled ZAURAZXAOV.
   823 | D:1      | 823 ||| DRINKING 2 sedimented golden potions.
   928 | D:1      | 928 ||| DROPPING scroll of butterflies.
   929 | D:1      | 929 ||| DROPPING potion of berserk rage.
   930 | D:1      | 930 ||| DROPPING 2 scrolls of blinking.
  1053 | D:2      | Reached XP level 3. HP: 16/18 MP: 4/4
  1988 | D:2      | 1988 ||| READING 2 scrolls labelled BIMEAB JILIA.
  1991 | D:2      | 1991 ||| READING scroll labelled PYAF KEZXYGHOH.
  1991 | D:2      | 1991 ||| IDENTIFYING fizzy yellow potion
  1992 | D:2      | 1992 ||| READING scroll labelled WEISHR FEOVAOPNA.
  1993 | D:2      | 1993 ||| READING scroll labelled VEKHAJ ZETEUCHESK.
  1993 | D:2      | 1993 ||| BRANDING +0 shortbow.
  1994 | D:2      | 1994 ||| READING scroll labelled WYDADYMMICH.
  1995 | D:2      | 1995 ||| READING scroll labelled NEASSE LERRISI.
  1996 | D:2      | 1996 ||| DRINKING 2 fizzy white potions.
  1997 | D:2      | 1997 ||| DROPPING potion of ambrosia.
  1999 | D:2      | 1999 ||| Stepping ~*~*~tactically~*~*~ (cloud).
  2000 | D:2      | 2000 ||| DRINKING potion of curing.
  2000 | D:2      | 2000 ||| (to cure poison)
  2002 | D:2      | 2002 ||| Stepping ~*~*~tactically~*~*~ (cloud).
  2005 | D:2      | HP: 4/18 [poisoned by you (poison gas)]
  2007 | D:2      | Succumbed to their own poison gas

Levels and vault maps discovered:
D:1:      onia_arrival_mini_maze, layout_basic, basic_ecumenical_altar,
          minmay_distorted
D:2:      minmay_general_purpose_star, layout_loops_ring, minmay_crystal_water,
          lemuel_flame_loot_1

Skill      XL: |  1  2 |
---------------+-------+-----
Dodging        | 3 4 |  4.0
Fighting       | |  1.5
Ranged Weapons | |  4.9
Stealth        | |  1.5

Action                     || total
---------------------------++-------
   Fire: Shortbow          ||    91
    Use: Scroll            ||     8
         Potion            ||     3
 Armour: Robe              ||    14
  Dodge: Dodged            ||    25

Table legend:
 A = Non-vault XP
 B = Vault XP
 C = Vault XP percentage of total XP
 D = Non-vault monster count
 E = Vault monster count
 F = Vault count percentage of total count
                 A         B        C        D         E       F
            +---------+---------+-------+---------+---------+-------
      Total |      71 |       7 |   9.0 |      33 |       5 |  13.2
            +---------+---------+-------+---------+---------+-------
        D:1 |      30 |       5 |  14.3 |      18 |       4 |  18.2
        D:2 |      41 |       2 |   4.7 |      15 |       1 |   6.2
            +---------+---------+-------+---------+---------+-------
